 Dungeon Crawl Stone Soup version 0.20.0-15-g7f486f2 (webtiles) character file.

5802 botchamania the Transmogrifier (level 10, -6/58 HPs)
             Began as an Octopode Transmuter on June 27, 2017.
             Was a High Priest of Cheibriados.
             Mangled by an elephant (9 damage)
             ... on level 9 of the Dungeon.
             The game lasted 00:26:57 (11763 turns).

botchamania the Transmogrifier (OpTm)              Turns: 11763, Time: 00:26:57

Health: -6/58      AC:  2    Str: 24    XL:     10   Next: 79%
Magic:  17/17      EV:  5    Int: 30    God:    Cheibriados [*****.]
Gold:   451        SH:  0    Dex: 34    Spells: 6/19 levels left

rFire    . . .     SeeInvis .     - Unarmed
rCold    . . .     Gourm    .   (shield currently unavailable)
rNeg     + + +     Faith    .   (helmet currently unavailable)
rPois    ∞         Spirit   .   (no amulet)
rElec    .         Reflect  .   d - ring of flight
rCorr    .         Harm     .   (no ring)
MR       .....                  (no ring)
Stlth    +++.......             (no ring)
Regen    0.2/turn               (no ring)
MPRegen  0.2/turn               (no ring)
                                (no ring)
                                (no ring)

@: spider-form, petrified, very slow
A: almost no armour, stealthy swim, (amphibious), 8 rings, (constrict 8)
a: End Transformation, Bend Time, Temporal Distortion, Slouch, Step From Time,
Renounce Religion, Evoke Flight


You were on level 9 of the Dungeon.
You worshipped Cheibriados.
Cheibriados was extremely pleased with you.
You were not hungry.
You were a venomous arachnid creature.
You visited 1 branch of the dungeon, and saw 9 of its levels.
You also visited: Sewer.

You collected 451 gold pieces.

Inventory:

Hand Weapons
 k - a +1 quarterstaff
 r - a +0 rapier
Missiles
 a - 226 arrows
 w - 121 stones (quivered)
Armour
 B - a +0 buckler
 G - a +1 shield
Jewellery
 d - a ring of flight (left front leg)
Wands
 e - a wand of lightning (8/15)
 u - a wand of disintegration (16/24)
 C - a wand of flame (17/48)
 D - a wand of confusion (23/48)
Scrolls
 h - 4 scrolls of enchant weapon
 o - a scroll of immolation
 v - a scroll of fear
 x - 2 scrolls of remove curse
 y - 2 scrolls of fog
 z - a scroll of identify
 A - 2 scrolls of enchant armour
Potions
 f - 4 potions of flight
 i - a potion of brilliance
 j - 2 potions of degeneration
 m - 2 potions of mutation
 n - 3 potions of curing
 q - a potion of cancellation
 t - a potion of resistance {unknown}
 F - a potion of haste {unknown}
Books
 b - a book of Changes

   Spells                             Type                      Level
   a - Beastly Appendage              Transmutation                1
   b - Sticks to Snakes               Transmutation                2
   c - Spider Form                    Transmutation/Poison         3
   d - Ice Form                       Ice/Transmutation            4
   e - Blade Hands                    Transmutation                5
 c - a book of Geomancy

   Spells                             Type                      Level
   a - Sandblast                      Earth                        1
   b - Passwall                       Transmutation/Earth          2
   c - Stone Arrow                    Conjuration/Earth            3
   d - Petrify                        Transmutation/Earth          4
   e - Lee's Rapid Deconstruction     Earth                        5
 E - a book of Maledictions

   Spells                             Type                      Level
   a - Corona                         Hexes                        1
   b - Ensorcelled Hibernation        Hexes/Ice                    2
   c - Confuse                        Hexes                        3
   d - Tukima's Dance                 Hexes                        3
   e - Dazzling Spray                 Conjuration/Hexes            3
Comestibles
 g - 4 fruits
 l - 2 meat rations
 p - 9 bread rations
 s - 3 royal jellies
 H - 4 chunks of flesh


   Skills:
 - Level 1.0 Fighting
 + Level 7.6 Dodging
 + Level 7.6 Unarmed Combat
 - Level 5.1 Spellcasting
 - Level 10.7 Transmutations
 - Level 3.4 Poison Magic


You had 6 spell levels left.
You knew the following spells:

 Your Spells              Type           Power        Failure   Level  Hunger
a - Beastly Appendage     Tmut           ######       1%          1    None
b - Sticks to Snakes      Tmut           ######..     1%          2    None
c - Spider Form           Tmut/Pois      ######....   4%          3    None
d - Passwall              Tmut/Erth      #####.....   4%          2    None
e - Blade Hands           Tmut           ######....   8%          5    #####..


Dungeon Overview and Level Annotations

Branches:
Dungeon (9/15)             Temple (0/1) D:7
   Lair: D:8-11         Orc: D:9-12

Altars:
Ashenzari
Cheibriados
Elyvilon
Fedhas
Kikubaaqudgha
Makhleb
Nemelex Xobeh
Qazlal
Sif Muna
Uskayaw
Vehumet
Zin

Shops:
D:5 [   D:6 :   D:8 :

Annotations:
D:6 exclusion: upstairs
D:9 exclusion: 2 doors


Innate Abilities, Weirdness & Mutations

You cannot wear most types of armour.
You are very stealthy in the water. (Stealth+)
((You are amphibious.))
You can wear up to eight rings at the same time.
((You can use your tentacles to constrict eight enemies at once.))
((Your skin changes colour to match your surroundings (Stealth+).))
((Your rubbery body absorbs attacks. (AC +1, EV +1)))


Message History

The elephant tramples you!
You hold your ground!
The elephant completely misses you. The elephant tramples you!
You hold your ground!
The elephant trunk-slaps you. The elephant tramples you!
You hold your ground!
The elephant trunk-slaps you.
* * * LOW HITPOINT WARNING * * *
The elephant tramples you.
* * * LOW HITPOINT WARNING * * *
You hold your ground!
The elephant trunk-slaps you. The elephant tramples you!
* * * LOW HITPOINT WARNING * * *
You hold your ground!
The elephant trunk-slaps you.
* * * LOW HITPOINT WARNING * * *
The elephant tramples you!
* * * LOW HITPOINT WARNING * * *
You hold your ground!
The elephant trunk-slaps you but does no damage.
The gnoll shaman calls upon its god to speed up the gnoll.
The gnoll seems to speed up.
The elephant tramples you!!
You die...

....#....# #...#
..Pt.....# ##..#
.........# ##..#
.......###..>#
#.tg..<#.### #g#
#.########### #l#
#..........[.
.########Y############....
.?......)s....)......#.###
###################[##.#
#....# ######


You could see an elephant, a basilisk, a crocodile, a gnoll shaman and a gnoll.

Vanquished Creatures
  Prince Ribbit (D:5)
  A hippogriff (D:8)
  Sigmund (D:5)
  4 water moccasins
  5 orc warriors
  A black bear (D:8)
  2 ice beasts
  4 sky beasts
  A necrophage (D:8)
  5 ogres
  A phantom (D:4)
  3 centaurs
  A big kobold (Sewer)
  3 bullfrogs
  6 scorpions
  6 killer bees (D:8)
  10 wights
  3 howler monkeys
  4 crimson imps
  8 hounds
  2 bullfrog zombies
  A jelly (D:5)
  8 orc priests
  2 centaur skeletons
  An iguana (D:5)
  9 worker ants
  6 orc wizards
  A killer bee zombie (D:8)
  2 hound skeletons
  4 gnolls
  12 adders
  2 river rats (Sewer)
  A shadow imp (D:5)
  4 oozes
  3 adder zombies
  4 worms
  3 dart slugs
  4 leopard geckos
  32 orcs
  6 giant cockroaches
  5 goblins
  6 hobgoblins
  10 jackals
  4 quokkas
  5 ball pythons
  9 bats
  6 frilled lizards
  A jackal skeleton (D:4)
  9 kobolds
  A leopard gecko zombie (D:5)
  A quokka zombie (D:5)
  8 rats
242 creatures vanquished.

Vanquished Creatures (collateral kills)
  An adder (D:2)
  A leopard gecko (D:2)
  2 hobgoblins
  A frilled lizard (D:2)
5 creatures vanquished.

Vanquished Creatures (others)
  A hound (D:7)
1 creature vanquished.

Grand Total: 248 creatures vanquished

Notes
Turn   | Place    | Note
-------+----------+-------------------------------------------
     0 | D:1      | botchamania the Octopode Transmuter began the quest for the Orb.
     0 | D:1      | Reached XP level 1. HP: 13/13 MP: 3/3
   442 | D:1      | Reached XP level 2. HP: 3/18 MP: 5/5
   784 | D:1      | Learned a level 2 spell: Sticks to Snakes
  1191 | D:2      | Reached XP level 3. HP: 14/23 MP: 4/6
  1291 | D:2      | Reached skill level 3 in Transmutations
  1897 | D:1      | Learned a level 3 spell: Spider Form
  1942 | D:2      | Found a snail-covered altar of Cheibriados.
  1955 | D:2      | Became a worshipper of Cheibriados the Contemplative
  2096 | D:2      | Reached XP level 4. HP: 25/28 MP: 5/7
  2240 | D:2      | Reached skill level 1 in Poison Magic
  3079 | D:3      | Reached * piety under Cheibriados
  3195 | D:3      | Reached XP level 5. HP: 29/33 MP: 8/8
  3196 | D:3      | Found a hide-covered altar of Uskayaw.
  3325 | D:3      | Reached skill level 4 in Transmutations
  3345 | D:3      | Found a glowing drain.
  3376 | Sewer    | Entered a sewer
  3493 | Sewer    | Noticed a big kobold
  3513 | Sewer    | Killed a big kobold
  3513 | Sewer    | Reached ** piety under Cheibriados
  3513 | Sewer    | Reached XP level 6. HP: 20/38 MP: 6/9
  3526 | Sewer    | Found a glowing silver altar of Zin.
  3675 | D:3      | Found a faded altar of an unknown god.
  3727 | D:3      | Noticed a water moccasin
  3736 | D:3      | Killed a water moccasin
  3736 | D:3      | Reached skill level 5 in Transmutations
  4177 | D:4      | Noticed a phantom
  4271 | D:4      | Reached XP level 7. HP: 3/43 MP: 8/10
  4927 | D:4      | Found a stormy altar of Qazlal.
  5027 | D:4      | Noticed an air elemental
  5143 | D:4      | Found a burning altar of Makhleb.
  5255 | D:4      | Learned a level 2 spell: Passwall
  5259 | D:4      | Noticed a fire elemental
  5262 | D:4      | Noticed a water elemental
  5399 | D:4      | Reached XP level 8. HP: 33/48 MP: 8/11
  5459 | D:4      | Reached skill level 5 in Dodging
  5459 | D:4      | Reached skill level 5 in Unarmed Combat
  5459 | D:4      | Reached skill level 6 in Transmutations
  5480 | D:4      | Reached *** piety under Cheibriados
  5553 | D:5      | Entered Level 5 of the Dungeon
  5905 | D:5      | Noticed Sigmund
  5918 | D:5      | Killed Sigmund
  6513 | D:5      | Noticed Prince Ribbit
  6540 | D:5      | Killed Prince Ribbit
  6540 | D:5      | Reached **** piety under Cheibriados
  6540 | D:5      | Reached skill level 7 in Transmutations
  6540 | D:5      | Reached XP level 9. HP: 33/53 MP: 12/12
  6831 | D:5      | Found Engeybu's Antique Armour Boutique.
  7231 | D:6      | Found Vivoodoo's Book Shop.
  7422 | D:6      | Found a shattered altar of Ashenzari.
  7452 | D:6      | Found a blossoming altar of Fedhas.
  7592 | D:6      | Was placed under penance by Cheibriados
  8053 | D:6      | Found a glowing silver altar of Zin.
  8053 | D:6      | Found a deep blue altar of Sif Muna.
  8161 | D:6      | Was forgiven by Cheibriados
  8283 | D:6      | Found a burning altar of Makhleb.
  8286 | D:6      | Found a white marble altar of Elyvilon.
  8287 | D:6      | Found a radiant altar of Vehumet.
  8405 | D:6      | Reached skill level 8 in Transmutations
  8894 | D:7      | Found a snail-covered altar of Cheibriados.
  9134 | D:7      | Found an ancient bone altar of Kikubaaqudgha.
  9153 | D:7      | Reached skill level 9 in Transmutations
  9488 | D:7      | Reached XP level 10. HP: 55/58 MP: 12/15
  9628 | D:7      | Found a staircase to the Ecumenical Temple.
  9939 | D:8      | Learned a level 5 spell: Blade Hands
  9997 | D:8      | Reached ***** piety under Cheibriados
 10029 | D:8      | Reached skill level 10 in Transmutations
 10633 | D:8      | Reached skill level 5 in Spellcasting
 11123 | D:8      | Found a sparkling altar of Nemelex Xobeh.
 11283 | D:8      | Found Vicroil's Book Shop.
 11751 | D:9      | Noticed an elephant
 11763 | D:9      | Mangled by an elephant

Skill      XL: |  1  2  3  4  5  6  7  8  9 10 |
---------------+-------------------------------+-----
Transmutations | 3 4 5 7 9 10 | 10.7
Dodging        | 3 4 6 7 |  7.6
Poison Magic   | 2 3 |  3.4
Unarmed Combat | 4 6 7 |  7.6
Spellcasting   | 3 5 |  5.1
Fighting       | |  1.0

Action                   |  1- 3 |  4- 6 |  7- 9 | 10-12 || total
-------------------------+-------+-------+-------+-------++-------
Melee: Unarmed           |    69 |   143 |   326 |   165 ||   703
       Constrict         |    20 |    16 |    17 |    15 ||    68
       Tentacles         |     8 |    12 |    16 |    21 ||    57
       Kick              |    11 |     3 |       |       ||    14
       Punch             |     2 |       |     5 |     5 ||    12
 Cast: Beastly Appendage |    16 |     2 |     1 |       ||    19
       Sticks to Snakes  |     9 |     4 |       |       ||    13
       Spider Form       |       |    12 |    29 |    11 ||    52
       Blade Hands       |       |       |       |    10 ||    10
  Use: Potion            |     2 |     2 |     8 |       ||    12
       Scroll            |       |     4 |    12 |     1 ||    17
 Stab: Sleeping          |     4 |     7 |     5 |     3 ||    19
       Distracted        |     1 |       |     1 |       ||     2
       Invisible         |       |       |     4 |       ||     4
  Eat: Chunk             |     2 |     5 |     7 |     4 ||    18
       Bread ration      |     1 |       |       |       ||     1
       Fruit             |       |       |     3 |     2 ||     5
       Meat ration       |       |       |     1 |       ||     1
Armor: Skin              |    18 |     8 |     7 |     2 ||    35
Dodge: Dodged            |    76 |   108 |   292 |   190 ||   666
